 Dungeon Crawl Stone Soup version 0.18-a0-750-g37044d6 (webtiles) character file.

8491 4thArraOfDagon the Covert (level 11, -4/60 HPs)
             Began as a Felid Fighter on Dec 12, 2015.
             Was a High Priest of Cheibriados.
             Slain by a slime creature (8 damage)
             ... on level 12 of the Dungeon.
             The game lasted 00:28:45 (4281 turns).

4thArraOfDagon the Covert (Felid Fighter)           Turns: 4281, Time: 00:28:45

Health: -4/60      AC: 11    Str: 23    XL:     11   Next: 10%
Magic:  8/15       EV: 21    Int: 22    God:    Cheibriados [*****.]
Gold:   396        SH:  0    Dex: 27    Spells: 1 memorised, 11 levels left
                                        Lives:  0   Deaths: 3

rFire  x . .     SeeInvis +       - Unarmed
rCold  + + +     Rnd*Rage +     (armour unavailable)
rNeg   . . .     SustAt   .     (shield unavailable)
rPois  +         Gourm    .     (helmet unavailable)
rElec  .         Spirit   .     (cloak unavailable)
rCorr  .         Dismiss  .     (gloves unavailable)
rMut   .         Stasis   .     (boots unavailable)
MR     +....                    (no amulet)
Stlth  ++++++....               x - +5 ring of protection
                                z - +3 ring of slaying

@: ice-form (expiring), very slow, somewhat resistant to hostile enchantments,
very stealthy
A: no armour, no weapons or thrown items, (claws 0), (fangs 0), see invisible,
berserk 1, carnivore 3, clumsy 1, (speed 0), low mp 1, (shaggy fur 0), slow
metabolism 1, (sharp paws)
a: End Transformation, Bend Time, Temporal Distortion, Slouch, Step From Time,
Renounce Religion


You were on level 12 of the Dungeon.
You worshipped Cheibriados.
Cheibriados was extremely pleased with you.
You were full.
You were a creature of crystalline ice.
You visited 1 branch of the dungeon, and saw 15 of its levels.

You collected 396 gold pieces.

Inventory:

Jewellery
 a - an uncursed ring of protection from fire
 l - an uncursed ring of protection from fire
 p - an uncursed ring of ice
 t - an uncursed ring of teleportation
 x - a +5 ring of protection (right front paw)
 z - a +3 ring of slaying (left front paw)
Wands
 k - a wand of polymorph (0)
 q - a wand of digging (8)
 w - a wand of magic darts (15)
 y - a wand of frost (35)
Scrolls
 m - 2 scrolls of remove curse
 o - a scroll of fog
 u - a scroll of magic mapping
Potions
 g - a potion of mutation {unknown}
 h - 2 potions of haste
 i - a potion of poison {unknown}
 j - a potion of lignification {unknown}
 n - a potion of cancellation {unknown}
 s - a potion of flight {unknown}
Books
 f - a book of Ice

   Spells                             Type                      Level
   a - Ice Form                       Ice/Transmutation            4
   b - Metabolic Englaciation         Hexes/Ice                    5
   c - Ozocubu's Refrigeration        Ice                          6
   d - Bolt of Cold                   Conjuration/Ice              6
   e - Freezing Cloud                 Conjuration/Ice/Air          6
   f - Simulacrum                     Ice/Necromancy               6
Miscellaneous
 c - a box of beasts {used: 3}
 d - a lamp of fire
 e - a phantom mirror
 r - a piece from Xom's chessboard
Comestibles
 b - 4 meat rations


   Skills:
 - Level 7.1 Fighting
 + Level 10.6 Dodging
 + Level 11.3 Stealth
 - Level 10.1 Unarmed Combat
 + Level 2.8 Spellcasting
 * Level 6.2 Transmutations
 * Level 4.8 Ice Magic
 - Level 6.1 Invocations
 * Level 2.6 Evocations


You had 11 spell levels left.
You knew the following spells:

 Your Spells              Type           Power        Failure   Level  Hunger
a - Ice Form              Ice/Trmt       ####....     14%         4    ####...


Dungeon Overview and Level Annotations

Branches:
Dungeon (15/15)               Orc (0/4) D:12
 Temple: D:4-7         Lair: D:8-11      Vaults: D:13-14     Depths: D:15

Altars:
Ashenzari
Cheibriados
Elyvilon
Qazlal
Yredelemnul
Zin

Shops:
D:7 *   D:14 *

Portals:
Trove: D:12 (give 6 potions of haste)

Annotations:
D:3 tof's ghost, amateur DDEE
D:5 exclusion: upstairs
D:6 Menkaure
D:12 exclusion: upstairs


Innate Abilities, Weirdness & Mutations

You cannot wear armour.
You are incapable of wielding weapons or throwing items.
((You have sharp claws.))
((You have razor-sharp teeth.))
You have supernaturally acute eyesight.
You are carnivorous and can eat meat at any time.
((You cover ground quickly.))
((You are covered in thick fur (AC +2).))
You have a slow metabolism.
((Your sharp claws are effective at attacking unaware monsters.))
You tend to lose your temper in combat.
You are clumsy. (Dex -2)
Your magical capacity is low (-10% MP).


Message History

Unknown command.
You completely miss the slime creature.
The slime creature is severely wounded.
The slime creature hits you!
* * * LOW HITPOINT WARNING * * *
The slime creature misses you.
Unknown command.
Unknown command.
You punch the slime creature! You freeze the slime creature.
The slime creature is almost dead.
The slime creature hits you.
* * * LOW HITPOINT WARNING * * *
Unknown command.
Unknown command.
Unknown command.
You barely miss the slime creature.
The slime creature is almost dead.
The slime creature hits you but does no damage.
The slime creature hits you!
You die...

###############################
..............)................
##......###..##......##.........
#......# #..##..##.............#
##......# #..##.Y................
........# #..##.JJ...............
....#...###.......#.####...###...
##........%.####..#.# .........
##.#######'##..#..#.# #########
...#...........#..#.#
.[.#.......#####....#
...#..##...# .##### ...'..##...#
J.


You could see 2 slime creatures.

Vanquished Creatures
  2 hydras (D:14)
  2 unseen horrors
  A hill giant (D:12)
  A cyclops (D:12)
  A centaur zombie (D:13)
  A gargoyle (D:14)
  A kobold demonologist (D:12)
  2 trolls
  Grinder (D:5)
  4 slime creatures (D:12)
  2 two-headed ogres
  3 yaks (D:12)
  2 deep elf magi
  3 wyverns (D:14)
  4 vampire mosquitoes
  4 basilisks (D:14)
  3 wraiths
  6 hippogriffs
  A hell hound (D:14)
  12 ice beasts
  2 sky beasts (D:9)
  A wasp (D:12)
  3 orc warriors
  2 centaurs
  3 phantoms
  An ogre (D:5)
  4 big kobolds
  Blork the orc (D:4)
  5 giant frogs
  2 scorpions
  6 wights (D:12)
  4 killer bees (D:12)
  4 jellies
  Crazy Yiuf (D:4)
  4 centaur skeletons
  An orc priest (D:12)
  A hound (D:12)
  A giant frog skeleton (D:4)
  3 iguanas
  3 orc wizards
  4 worker ants
  Ijyb (D:2)
  Robin (D:2)
  5 adders
  A shadow imp (D:13)
  An ooze (D:1)
  3 giant geckos
  26 orcs
  2 bats (D:1)
  A giant cockroach (D:4)
  8 goblins
  8 hobgoblins
  2 jackals (D:1)
  3 giant newts
  14 kobolds
  2 quokka skeletons
  7 rats
197 creatures vanquished.

Vanquished Creatures (collateral kills)
  A scorpion (D:11)
1 creature vanquished.

Vanquished Creatures (others)
  4 toadstools (D:1)
4 creatures vanquished.

Grand Total: 202 creatures vanquished

Notes
Turn   | Place    | Note
--------------------------------------------------------------
     0 | D:1      | 4thArraOfDagon the Felid Fighter began the quest for the Orb.
     0 | D:1      | Reached XP level 1. HP: 10/10 MP: 2/2
    23 | D:1      | Reached skill level 1 in Stealth
    87 | D:2      | Reached XP level 2. HP: 4/14 MP: 3/3
    98 | D:2      | You fall through a shaft!
    98 | D:3      | Found a snail-covered altar of Cheibriados.
   101 | D:3      | Became a worshipper of Cheibriados the Contemplative
   149 | D:2      | Noticed Ijyb
   408 | D:2      | Noticed Robin
   409 | D:2      | Was placed under penance by Cheibriados
   433 | D:2      | Killed Robin
   433 | D:2      | Reached XP level 3. HP: 17/17 MP: 4/4
   442 | D:2      | Killed Ijyb
   442 | D:2      | Reached skill level 1 in Invocations
   470 | D:2      | Reached XP level 4. HP: 17/21 MP: 5/5
   619 | D:3      | Was forgiven by Cheibriados
   637 | D:3      | Noticed tof's ghost (amateur DDEE)
   638 | D:3      | uhh
   678 | D:4      | Noticed a giant frog
   681 | D:4      | Killed a giant frog
   681 | D:4      | Reached XP level 5. HP: 24/24 MP: 5/7
   683 | D:4      | Noticed Blork the orc
   684 | D:4      | Found a basalt altar of Yredelemnul.
   705 | D:4      | Killed Blork the orc
   705 | D:4      | Reached skill level 5 in Unarmed Combat
   813 | D:4      | Noticed Crazy Yiuf
   827 | D:4      | Slain by Crazy Yiuf
   828 | D:4      | Reached XP level 4. HP: -2/21 MP: 6/6
   834 | D:4      | Killed Crazy Yiuf
   834 | D:4      | Reached XP level 5. HP: 6/24 MP: 7/7
   907 | D:4      | Noticed an ogre
   955 | D:5      | Entered Level 5 of the Dungeon
   957 | D:5      | Noticed an ogre
   979 | D:5      | Noticed Grinder
   988 | D:5      | Paralysed by Grinder for 2 turns
  1006 | D:5      | Killed Grinder
  1006 | D:5      | Reached skill level 5 in Dodging
  1006 | D:5      | Reached skill level 5 in Stealth
  1006 | D:5      | Gained mutation: You are covered in thick fur (AC +2). [Felid growth]
  1006 | D:5      | Reached XP level 6. HP: 3/28 MP: 8/8
  1102 | D:5      | Reached * piety under Cheibriados
  1102 | D:5      | Reached XP level 7. HP: 10/32 MP: 8/10
  1107 | D:5      | Found a shattered altar of Ashenzari.
  1143 | D:7      | Found Zoiwn's Serpentskin Sales.
  1168 | D:7      | Found a stormy altar of Qazlal.
  1200 | D:7      | Noticed a human
  1376 | D:6      | Reached skill level 6 in Unarmed Combat
  1392 | D:6      | Noticed Menkaure
  1434 | D:7      | Found a glowing silver altar of Zin.
  1435 | D:7      | Found a white marble altar of Elyvilon.
  1557 | D:8      | Reached ** piety under Cheibriados
  1557 | D:8      | Reached XP level 8. HP: 29/36 MP: 11/11
  1834 | D:9      | Gained mutation: Your magical capacity is low (-10% MP). [mutagenic meat]
  1867 | D:9      | Reached skill level 5 in Fighting
  1901 | D:10     | Entered Level 10 of the Dungeon
  1924 | D:10     | Reached skill level 7 in Unarmed Combat
  2022 | D:9      | Gained mutation: You tend to lose your temper in combat. [mutagenic meat]
  2024 | D:9      | Gained mutation: You are clumsy. (Dex -2) [mutagenic meat]
  2202 | D:11     | Noticed an unseen horror
  2208 | D:11     | uhh
  2222 | D:11     | Noticed a gargoyle
  2235 | D:12     | Reached XP level 9. HP: 37/41 MP: 12/12
  2247 | D:12     | Reached skill level 8 in Unarmed Combat
  2325 | D:12     | Found a portal to a secret trove of treasure.
  2403 | D:12     | Noticed a cyclops
  2423 | D:12     | Killed a cyclops
  2423 | D:12     | Reached skill level 5 in Invocations
  2461 | D:12     | Found a staircase to the Orcish Mines.
  2465 | D:12     | Reached *** piety under Cheibriados
  2556 | D:11     | Noticed an unseen horror
  2571 | D:11     | Reached skill level 9 in Unarmed Combat
  2575 | D:11     | Slain by an unseen horror
  2576 | D:11     | Reached XP level 8. HP: 0/39 MP: 11/11
  2591 | D:11     | Noticed a centaur skeleton
  2700 | D:11     | Killed an unseen horror
  2700 | D:11     | Reached XP level 9. HP: 30/42 MP: 12/12
  2751 | D:11     | Noticed an unseen horror
  2991 | D:12     | Reached **** piety under Cheibriados
  3102 | D:14     | Noticed a hill giant
  3103 | D:14     | Noticed a four-headed hydra
  3159 | D:14     | Noticed a gargoyle
  3164 | D:14     | Killed a gargoyle
  3178 | D:14     | Noticed a centaur skeleton
  3185 | D:14     | Killed a centaur skeleton
  3188 | D:15     | Entered Level 15 of the Dungeon
  3197 | D:15     | Noticed a six-headed hydra
  3254 | D:14     | Noticed a centaur skeleton
  3261 | D:14     | Killed a centaur skeleton
  3261 | D:14     | Reached skill level 10 in Unarmed Combat
  3261 | D:14     | Reached XP level 10. HP: 47/47 MP: 14/14
  3279 | D:14     | Found Anaom's Elemental Accessories.
  3339 | D:14     | Learned a level 4 spell: Ice Form
  3410 | D:14     | Reached skill level 10 in Stealth
  3410 | D:14     | Reached skill level 1 in Transmutations
  3410 | D:14     | Reached skill level 1 in Ice Magic
  3427 | D:14     | Noticed a griffon
  3427 | D:14     | Noticed a four-headed hydra
  3427 | D:14     | Noticed a six-headed hydra
  3431 | D:14     | Killed a four-headed hydra
  3431 | D:14     | Reached skill level 1 in Spellcasting
  3436 | D:14     | Killed a six-headed hydra
  3441 | D:14     | Reached skill level 10 in Dodging
  3452 | D:14     | Noticed a yaktaur captain
  3454 | D:14     | HP: 2/47 [yaktaur captain/bolt (19)]
  3456 | D:14     | Mangled by a basilisk
  3457 | D:14     | Reached XP level 9. HP: -10/43 MP: 13/13
  3469 | D:14     | Reached XP level 10. HP: 47/47 MP: 14/14
  3711 | D:13     | Reached skill level 5 in Transmutations
  3913 | D:13     | Reached skill level 11 in Stealth
  3989 | D:12     | Reached ***** piety under Cheibriados
  3998 | D:12     | Noticed a hill giant
  4006 | D:12     | Noticed a soul eater
  4012 | D:12     | Killed a hill giant
  4012 | D:12     | Reached skill level 1 in Evocations
  4026 | D:12     | Noticed an unseen horror
  4151 | D:12     | Killed an unseen horror
  4212 | D:12     | Reached XP level 11. HP: 50/50 MP: 7/15
  4281 | D:12     | Slain by a slime creature

Vault maps used:
D:1:      ldierk_walled_garden_2, minmay_misc_feat_diagonals,
          minmay_misc_feat_square
D:2:      uniq_iyjb, uniq_natasha, uniq_robin
D:3:      lemuel_round_altar, uniq_sigmund
D:4:      nicolae_overflow_crystal_walls, lemuel_round_altar,
          uniq_blork_the_orc, uniq_crazy_yiuf_cottage
D:5:      lemuel_crystal_altar, first_bread, uniq_grinder, uniq_edmund
D:6:      uniq_menkaure, uniq_pikel
D:7:      kennysheep_vampire_church, nicolae_qazlal_general_emergency,
          gammafunk_temple_overflow_pools, lemuel_temple_firewalk_marked,
          grunt_livestock, guppyfry_shop_venom
D:8:      lair_0_dummy
D:9:      basic_altar, okawaru_ov_weapons_minmay
D:10:     minmay_misc_feat_plants
D:12:     minmay_orc_entry_temple_small, nicolae_trove_entry_crossroad,
          elyvilon_altar_3
D:13:     portal_ice_cave_entry_ice_beasts
D:14:     david_vaults_2, serial_park_tiny_pond, nicolae_elemental_shop
D:15:     grunt_enter_depths_magical_seal, lemuel_crystal_altar

Action                   |  1- 3 |  4- 6 |  7- 9 | 10-12 || total
-------------------------+-------+-------+-------+-------++-------
Melee: Unarmed           |    59 |    73 |   251 |   183 ||   566
 Cast: Ice Form          |       |       |       |     5 ||     5
Invok: Temporal Distorti |       |       |       |     2 ||     2
       Bend Time         |       |       |       |     2 ||     2
       Slouch            |       |       |       |     1 ||     1
 Abil: End Transformatio |       |       |       |     1 ||     1
Evoke: Wand              |       |       |    10 |     2 ||    12
       Box of beasts     |       |       |     3 |       ||     3
  Use: Potion            |     3 |     3 |       |     5 ||    11
       Scroll            |       |     2 |     9 |     2 ||    13
 Stab: Sleeping          |     3 |     4 |    21 |     5 ||    33
       Distracted        |       |     1 |       |       ||     1
       Confused          |       |       |     2 |       ||     2
       Invisible         |       |       |       |    10 ||    10
  Eat: Chunk             |     6 |     3 |    18 |     7 ||    34
